Map: Temple gelé

Players

Blanx - Winner!

  • Race: Terran Terran
  • League: Gold

pupu

  • Race: Protoss Protoss
  • League: Silver

VOD

Have the link to the VOD?

Description

Time

  • Played on: April 2, 2016, 11:22 a.m.
  • Length: 9:23
Show
View Real Time Build Order
Export as new Build Order

Blanx Terran - Winner!

Build Orders: Reaper Expand, MMM Bio 

Get SALT Encoding   

  12  0:01  SCV  
  13  0:13  SCV  
  14  0:18  Supply Depot  
  14  0:25  SCV  
  15  0:40  Barracks  
  16  0:46  SCV  
  16  0:49  Refinery  
  16  0:58  SCV  
  17  1:10  SCV  
  18  1:27  Orbital Command  
  18  1:39  Command Center  
  18  1:42  Reaper  
  19  1:55  Supply Depot  
  19  2:02  Refinery, SCV  
  20  2:14  SCV  
  21  2:21  Factory  
  21  2:26  SCV  
  22  2:32  Engineering Bay  
  22  2:34  Marine  
  23  2:48  SCV  
  24  3:00  Missile Turret, SCV  
  25  3:07  Missile Turret  
  25  3:10  Starport  
  25  3:12  SCV  
  26  3:14  Marine  
  27  3:20  Factory Reactor  
  27  3:28  Orbital Command  
  27  3:38  Barracks Tech Lab  
  27  3:40  SCV  
  28  3:52  SCV  
  28  3:54  SCV  
  30  4:02  Stimpack  
  30  4:04  SCV  
  31  4:13  Barracks  
  30  4:18  SCV x2  
  30  4:19  Barracks  
  32  4:24  Viking x2  
  32  4:30  SCV x2  
  38  4:36  Widow Mine  
  40  4:42  Marine  
  41  4:50  Bunker  
  41  4:52  SCV x2  
  43  4:58  Supply Depot  
  43  5:00  Marine  
  43  5:04  Barracks Tech Lab, SCV  
  45  5:07  Barracks Reactor  
  45  5:18  Marine  
  45  5:20  SCV x2  
  48  5:26  Supply Depot  
  48  5:31  Supply Depot  
  48  5:34  Combat Shields  
  48  5:36  Marine  
  48  5:40  Marine  
  50  5:45  Medivac x2  
  50  5:47  Barracks  
  54  5:50  Barracks  
  54  5:52  Refinery  
  54  5:53  Refinery, Marine, SCV  
  54  5:54  SCV  
  57  5:57  Marine  
  58  6:05  SCV  
  58  6:06  SCV  
  58  6:07  Missile Turret  
  60  6:16  Marauder  
  60  6:18  Marauder, SCV x2  
  66  6:19  Concussive Shells  
  66  6:21  Medivac x2  
  70  6:29  Supply Depot  
  70  6:34  Supply Depot  
  70  6:36  Terran Infantry Weapons Level 1  
  70  6:37  Supply Depot  
  70  6:43  Barracks Tech Lab  
  70  6:44  Barracks Tech Lab  
  70  6:50  Marine x4  
  70  6:51  Supply Depot, SCV  
  75  6:57  Supply Depot  
  75  7:00  Widow Mine  
  77  7:06  Marauder x2  
  81  7:08  Marine x2  
  81  7:09  Marauder x2  
  81  7:11  Supply Depot  
  87  7:27  Marauder x2  
  91  7:30  Marauder x2  
  91  7:35  Supply Depot  
  95  7:41  Marine x2  
  97  7:48  Marauder, Marine  
  100  7:51  Marauder x2  
  100  7:54  Medivac x2  
  108  7:59  Marine x2  
  105  8:06  Marauder  
  105  8:10  Marauder  
  108  8:13  Marauder  
  99  8:43  Marauder x4, Marine x2  
  99  8:45  Medivac  
  99  8:46  Medivac  
  113  9:01  Marine  
Show
View Real Time Build Order
Export as new Build Order

pupu Protoss 

Build Orders: Phoenix Opening 

Get SALT Encoding   

  12  0:01  Probe (Chrono Boost)  
  13  0:11  Probe (Chrono Boost)  
  14  0:18  Pylon  
  14  0:22  Probe (Chrono Boost)  
  15  0:36  Probe (Chrono Boost)  
  15  0:37  Gateway  
  16  0:47  Probe (Chrono Boost)  
  17  0:50  Assimilator  
  17  0:54  Assimilator  
  17  0:58  Probe (Chrono Boost)  
  18  1:08  Probe (Chrono Boost)  
  19  1:19  Probe (Chrono Boost)  
  19  1:24  Cybernetics Core  
  20  1:29  Probe (Chrono Boost)  
  21  1:33  Pylon  
  22  1:40  Probe (Chrono Boost)  
  22  1:50  Probe (Chrono Boost)  
  23  2:01  Probe (Chrono Boost)  
  24  2:02  Stargate  
  24  2:04  Warp Gate (Chrono Boost)  
  24  2:06  Stalker  
  26  2:14  Probe  
  27  2:19  Gateway  
  27  2:26  Probe  
  28  2:38  Robotics Facility  
  28  2:41  Probe  
  29  2:52  Stalker  
  31  3:02  Pylon  
  31  3:10  Pylon  
  31  3:19  Phoenix  
  34  3:20  Probe  
  34  3:26  Observer  
  35  3:32  Probe  
  36  3:45  Gateway  
  36  3:47  Gateway  
  36  3:50  Gateway  
  36  3:52  Pylon  
  36  3:55  Phoenix  
  38  3:56  Pylon  
  37  4:18  Probe  
  38  4:29  Pylon  
  38  4:32  Probe  
  38  4:33  Nexus  
  39  4:43  Immortal (Chrono Boost)  
  43  4:54  Probe  
  44  5:00  Phoenix  
  44  5:06  Probe  
  47  5:14  Forge  
  47  5:18  Probe  
  47  5:19  Sentry  
  47  5:20  Sentry  
  52  5:23  Sentry  
  54  5:30  Probe  
  55  5:42  Probe  
  55  5:44  Probe  
  57  5:52  Zealot x3  
  57  5:53  Zealot  
  57  5:55  Probe  
  57  5:56  Observer (Chrono Boost)  
  67  5:58  Probe  
  68  6:07  Probe  
  68  6:08  Protoss Ground Weapons Level 1 (Chrono Boost)  
  68  6:11  Probe  
  70  6:14  Adept  
  70  6:15  Adept x2  
  76  6:19  Probe  
  77  6:40  Zealot x4  
  85  6:48  Pylon  
  85  6:50  Pylon  
  85  6:53  Gateway  
  85  6:54  Gateway  
  85  6:56  Pylon  
  85  6:57  Pylon  
  85  6:59  Probe  
  86  7:06  Mothership Core  
  88  7:12  Immortal, Zealot  
  90  7:16  Phoenix  
  96  7:31  Pylon  
  96  7:50  Adept x5  
  50  8:35  Immortal  
  50  8:37  Zealot x2  
  50  8:38  Zealot x3  
  68  8:50  Zealot x2  
  72  9:12  Zealot x3, Stalker  
  72  9:13  Zealot  
Tags
 
Add a new tag
Caveats
  • Supply blocks, unpowered buildings, or Contaminate may cause inaccurate times.
  • Supply counts are checked every 10 seconds.